AoeStats
← Artorius

Hideout

507346664Analyzed
1v1 RM · 16d ago on Sep 17, 2026· 44m 24s· 2 players
Game mode
Random Map
Map size
Tiny (2 player)
Population
200
Speed
Normal
Resources
Standard
Victory
Conquest
Starting age
Dark Age
Ending age
Imperial Age
RankedLock teamsTeams togetherTeam positionsShared explorationLock speedFull tech treeHidden civsTurbo modeCheats
Victory
Defeat
🇺🇸 Sicilians · United States
1014
+15
🇩🇪 Magyars · Germany
998
-15
Artorius
8:41 Loom
10:30 Feudal Age
19:18 Castle Age
17:46 Horse Collar
17:53 Double-Bit Axe
18:10 Gold Mining
20:03 Scale Barding Armor
21:30 Husbandry
26:40 Bloodlines
28:41 Chain Barding Armor
29:02 Heavy Plow
30:27 Wheelbarrow
30:24 Bow Saw
30:10 Stone Mining
36:13 Hand Cart
41:03 Imperial Age
39:55 Light Cavalry
41:02 Fletching
42:40 Capped Ram
43:42 Bodkin Arrow
YouPotato
0:56 Loom
11:08 Feudal Age
11:16 Feudal Age
12:06 Double-Bit Axe
12:02 Horse Collar
12:14 Gold Mining
18:40 Forging
18:33 Scale Mail Armor
21:44 Castle Age
20:21 Wheelbarrow
21:49 Pikeman
23:50 Heavy Plow
24:02 Bow Saw
24:50 Chain Mail Armor
26:26 Iron Casting
27:33 Squires
29:44 Arson
29:56 Fletching
38:04 Bodkin Arrow
Connection lost

Rejoining the realm…

Still unreachable

The connection could not be restored.

Session expired

The server has moved on; the page needs a fresh start.